Map: Lerilak Crest

Players

Polt - Winner!

  • Race: Terran Terran

Nerchio

  • Race: Zerg Zerg

Event: 2016 WCS Winter Circuit Championship

VOD

Have the link to the VOD?

Description

Time

  • Played on: March 5, 2016, 5:55 a.m.
  • Length: 14:47

All games in this series

Show
View Real Time Build Order
Export as new Build Order

Polt Terran - Winner!

Build Orders: Reaper Expand, Bio Tank 

Get SALT Encoding   

  12  0:00  SCV  
  13  0:12  SCV  
  14  0:17  Supply Depot  
  14  0:25  SCV  
  15  0:39  SCV  
  15  0:40  Barracks  
  16  0:44  Refinery  
  16  0:51  SCV  
  17  1:03  SCV  
  18  1:15  SCV  
  19  1:27  Reaper, Orbital Command  
  20  1:41  Command Center  
  20  1:52  Supply Depot  
  20  1:53  SCV  
  21  1:59  Marine  
  22  2:05  SCV  
  23  2:08  Factory  
  23  2:12  Refinery  
  23  2:17  SCV  
  23  2:21  Barracks Reactor  
  24  2:29  SCV  
  25  2:41  SCV  
  26  2:53  Orbital Command, SCV  
  26  2:54  Bunker  
  26  2:55  Starport  
  26  2:57  Factory Tech Lab  
  27  3:00  Marine x2  
  29  3:05  SCV  
  30  3:18  SCV, Marine x2  
  30  3:19  SCV  
  34  3:22  Siege Tank  
  37  3:28  Supply Depot  
  37  3:30  SCV  
  37  3:31  SCV  
  39  3:35  Medivac  
  39  3:38  Marine x2  
  43  3:53  SCV x2  
  45  3:56  Marine x2  
  46  4:05  SCV x2  
  46  4:08  Barracks  
  48  4:11  Factory Reactor, Viking  
  48  4:14  Barracks  
  50  4:20  SCV x2  
  52  4:26  Marine  
  52  4:27  Supply Depot  
  52  4:28  Stimpack  
  53  4:32  SCV  
  54  4:44  Command Center  
  54  4:48  SCV x2, Starport Reactor  
  56  4:58  Refinery  
  56  4:59  Marine  
  57  5:00  SCV x2  
  57  5:03  Factory Tech Lab  
  59  5:08  Supply Depot  
  59  5:11  Marine x2  
  59  5:12  SCV  
  62  5:21  Engineering Bay  
  62  5:22  Engineering Bay  
  62  5:23  Refinery  
  62  5:29  Marine x3  
  62  5:30  SCV x2  
  62  5:31  Supply Depot, Siege Tank  
  70  5:38  Supply Depot  
  70  5:46  Marine  
  70  5:49  Terran Infantry Weapons Level 1  
  70  5:52  Terran Infantry Armor Level 1, Marine x4  
  70  5:53  Medivac x2  
  78  5:59  Barracks x2  
  78  6:00  Orbital Command  
  78  6:04  SCV x2  
  80  6:07  Marine  
  80  6:10  Marine x4  
  85  6:15  Siege Tank  
  85  6:18  SCV x2  
  90  6:25  Orbital Command, Marine  
  91  6:31  Combat Shields, Marine x4  
  95  6:33  SCV x2  
  95  6:35  Supply Depot  
  97  6:43  Marine  
  97  6:45  SCV x2  
  100  6:53  SCV  
  101  6:57  SCV  
  101  7:00  Barracks Reactor x2, Marine x4  
  101  7:01  Marine  
  107  7:03  SCV  
  107  7:05  SCV  
  109  7:09  Siege Tank, SCV  
  109  7:10  Armory  
  113  7:20  Medivac  
  113  7:21  Supply Depot x3  
  113  7:22  Medivac  
  115  7:23  SCV  
  115  7:24  SCV  
  115  7:26  SCV  
  113  7:35  Marine x5  
  110  7:38  Missile Turret  
  110  7:40  SCV x3  
  110  7:43  Marine x3  
  111  7:45  Marine  
  106  7:53  Siege Tank  
  106  7:57  SCV x3  
  106  7:58  Refinery  
  111  7:59  Medivac  
  111  8:00  Medivac  
  111  8:01  Factory  
  111  8:04  Terran Infantry Weapons Level 2  
  110  8:08  Missile Turret  
  110  8:09  Refinery  
  110  8:11  Missile Turret  
  110  8:14  Marine x6  
  116  8:20  Terran Infantry Armor Level 2  
  116  8:23  Terran Vehicle Weapons Level 1, Marine x2  
  116  8:24  Marine  
  119  8:27  SCV x2  
  119  8:33  Supply Depot  
  121  8:34  Supply Depot  
  121  8:37  Supply Depot  
  121  8:38  Marine x6  
  125  8:41  Marine x3  
  128  8:52  Factory Tech Lab  
  128  8:53  Supply Depot  
  128  8:54  Supply Depot x2, Siege Tank  
  130  8:55  Medivac  
  130  8:56  Medivac  
  134  9:09  Marine x9  
  140  9:12  SCV x2  
  140  9:13  Siege Tank  
  144  9:25  Medivac  
  144  9:26  Siege Tank, Medivac  
  151  9:33  Command Center  
  151  9:36  Marine x2  
  151  9:37  Marine x7  
  139  9:52  Siege Tank  
  142  9:54  Marine x6  
  142  9:55  Marine x3  
  142  9:58  Siege Tank  
  152  10:02  Medivac x2  
  148  10:12  Marine x9  
  157  10:16  Barracks x2  
  157  10:17  Barracks  
  157  10:18  Liberator x2  
  156  10:23  Terran Infantry Weapons Level 3  
  154  10:31  Siege Tank x2  
  163  10:50  Marine x9  
  172  10:57  Terran Vehicle Weapons Level 2  
  172  11:03  Terran Infantry Armor Level 3  
  166  11:18  Marine x4  
  166  11:19  Marine x5  
  166  11:22  Barracks Tech Lab x2  
  166  11:23  Barracks Tech Lab  
  175  11:27  Siege Tank x2  
  152  11:48  Marauder x4, Marine x8  
  160  12:04  Liberator  
  160  12:05  Liberator  
  157  12:14  Marine x7  
  161  12:17  Marauder x4  
  161  12:18  Thor x2  
  167  12:28  SCV  
  167  12:29  SCV x2  
  169  12:31  Orbital Command  
  169  12:33  Refinery  
  169  12:43  Refinery  
  169  13:02  Command Center  
  161  13:10  Marauder x4  
  161  13:11  Marine x8  
  134  13:16  Liberator x2  
  140  13:22  Thor  
  126  13:42  Orbital Command  
  126  13:43  Orbital Command, Marauder x4, Marine x8  
  117  13:57  Orbital Command  
  117  14:01  Reaper  
  111  14:21  SCV x3  
  111  14:22  Orbital Command  
  113  14:33  SCV  
Show
View Real Time Build Order
Export as new Build Order

Nerchio Zerg 

Build Orders: Pool First 

Get SALT Encoding   

  12  0:00  Drone  
  13  0:12  Overlord  
  13  0:17  Drone  
  14  0:30  Drone x2  
  14  0:34  Drone  
  17  0:45  Spawning Pool  
  17  0:49  Drone  
  17  0:55  Drone  
  18  1:14  Hatchery  
  18  1:17  Drone  
  18  1:19  Drone  
  18  1:22  Extractor  
  18  1:31  Queen  
  20  1:35  Zergling x2  
  20  1:38  Drone  
  22  1:49  Overlord  
  22  2:07  Queen, Drone  
  25  2:10  Drone  
  26  2:21  Metabolic Boost  
  26  2:23  Drone  
  26  2:28  Queen  
  26  2:29  Drone  
  29  2:32  Drone  
  30  2:37  Drone  
  30  2:38  Drone x2  
  30  2:40  Drone  
  34  2:45  Overlord  
  34  2:54  Zergling x2  
  34  2:55  Zergling x2  
  36  3:05  Hatchery  
  35  3:07  Drone  
  35  3:10  Drone  
  37  3:17  Drone x4  
  37  3:19  Drone  
  42  3:22  Overlord  
  42  3:30  Drone, Roach Warren  
  42  3:37  Overlord  
  42  3:38  Extractor  
  41  3:53  Drone x2  
  41  3:54  Drone x2  
  45  3:55  Zergling x2  
  45  3:56  Zergling x2  
  45  4:01  Overlord  
  45  4:02  Overlord  
  47  4:03  Drone  
  48  4:10  Drone x2  
  48  4:16  Lair  
  50  4:18  Extractor x2, Overlord  
  50  4:20  Drone x2  
  50  4:24  Drone  
  50  4:25  Drone x3  
  50  4:26  Drone x2  
  50  4:30  Roach  
  58  4:32  Roach  
  58  4:35  Roach  
  62  4:38  Roach  
  62  4:43  Roach x2  
  68  4:51  Zergling x4  
  70  4:55  Zergling x6  
  70  4:56  Overlord  
  73  5:05  Drone x5  
  78  5:11  Drone x2  
  80  5:15  Overlord  
  80  5:22  Pneumatized Carapace, Spire  
  80  5:23  Overlord  
  80  5:24  Overlord  
  80  5:26  Drone  
  80  5:27  Drone  
  81  5:30  Drone  
  81  5:33  Glial Reconstitution  
  82  5:36  Evolution Chamber  
  82  5:40  Evolution Chamber  
  80  5:45  Drone, Queen  
  80  5:46  Drone x2  
  80  5:48  Drone x2  
  86  5:51  Extractor x2  
  86  5:52  Drone x2  
  86  5:53  Drone  
  87  5:57  Drone x2  
  88  6:06  Roach x3  
  88  6:08  Roach  
  88  6:10  Roach  
  98  6:13  Overlord  
  98  6:16  Overlord  
  98  6:20  Drone x2  
  98  6:22  Overlord  
  96  6:38  Mutalisk x7  
  110  6:40  Mutalisk  
  110  6:44  Roach  
  110  6:45  Roach  
  115  6:49  Roach  
  115  6:50  Roach x2  
  121  6:54  Roach  
  121  6:56  Roach x2  
  121  6:58  Overlord  
  127  7:02  Ravager  
  127  7:03  Roach Warren, Ravager  
  127  7:07  Overlord  
  128  7:12  Zerg Missile Weapons Level 1  
  128  7:17  Evolution Chamber  
  128  7:18  Queen  
  114  7:31  Drone  
  114  7:32  Drone x4  
  114  7:33  Extractor  
  118  7:39  Infestation Pit  
  118  7:43  Hatchery  
  114  7:45  Drone x2  
  114  7:46  Queen  
  114  7:51  Drone x2  
  111  7:55  Zerg Ground Armor Level 1  
  111  7:56  Drone x3  
  114  8:01  Roach x6  
  114  8:02  Roach  
  128  8:07  Drone  
  128  8:08  Drone x2  
  131  8:15  Roach  
  131  8:17  Hive  
  131  8:19  Infestor  
  135  8:23  Infestor  
  137  8:30  Overlord x3  
  137  8:33  Infestor  
  137  8:49  Extractor, Roach x7  
  137  8:50  Roach  
  137  8:52  Roach  
  137  8:54  Roach  
  154  9:12  Drone x2  
  154  9:15  Ravager x3  
  159  9:18  Drone  
  159  9:19  Drone x3  
  159  9:20  Drone  
  159  9:21  Drone, Overlord x2  
  165  9:30  Adrenal Glands  
  163  9:31  Ultralisk Cavern  
  151  9:39  Roach x2  
  151  9:43  Zerg Melee Weapons Level 1  
  153  9:50  Zerg Ground Armor Level 2  
  151  9:54  Queen  
  151  9:55  Drone x2  
  145  10:07  Overlord  
  145  10:11  Extractor  
  145  10:12  Drone x2  
  146  10:15  Spore Crawler  
  146  10:16  Spore Crawler  
  144  10:22  Chitinous Plating, Ravager x3  
  144  10:23  Ultralisk x2  
  144  10:24  Ultralisk  
  144  10:27  Zergling x2  
  144  10:28  Zergling x6  
  158  10:35  Zergling x2  
  158  10:36  Zergling x10  
  163  10:44  Ultralisk  
  169  10:51  Hatchery, Drone x2  
  169  10:53  Ultralisk  
  176  11:03  Ultralisk  
  182  11:07  Ultralisk  
  188  11:14  Zergling x12  
  191  11:37  Ultralisk x2  
  200  11:44  Infestor  
  200  11:45  Infestor  
  200  11:46  Zergling x12  
  177  11:51  Drone x2  
  177  11:53  Zergling x6  
  182  11:55  Zergling x2  
  182  11:58  Drone x2  
  179  12:05  Infestor  
  180  12:22  Infestor  
  175  12:23  Drone x3  
  175  12:29  Extractor  
  179  12:31  Drone x2  
  181  12:43  Zergling x8  
  185  12:45  Zergling x2  
  185  12:46  Hatchery  
  185  12:47  Zergling x2  
  185  12:48  Zergling x2  
  185  12:50  Zergling x2  
  188  12:58  Overlord x2  
  162  13:09  Ultralisk  
  144  13:13  Ultralisk  
  144  13:17  Zergling x10  
  112  13:29  Ultralisk  
  108  13:40  Zergling x2  
  108  13:41  Zergling x2  
  99  13:52  Ravager  
  99  13:55  Zergling x6  
  83  14:12  Hatchery  
Tags
 
Add a new tag
Caveats
  • Supply blocks, unpowered buildings, or Contaminate may cause inaccurate times.
  • Supply counts are checked every 10 seconds.